 Dungeon Crawl Stone Soup version 0.28.0-53-g5a82cb258f (webtiles) character file.

Game seed: 11145970174010788315

123 DemonSlayer the Firebug (level 4, 0/45 HPs)
             Began as a Demonspawn Fire Elementalist on Aug 6, 2022.
             Killed by divine providence
             ... invoked by an orc priest
              (10 damage)
             ... on level 4 of the Dungeon.
             The game lasted 00:05:19 (4038 turns).

DemonSlayer the Firebug (DsFE)                      Turns: 4038, Time: 00:05:20

Health: 0/45       AC: 22    Str:  8    XL:     4   Next: 79%
Magic:  8/8        EV: -1    Int: 18    God:
Gold:   122        SH:  0    Dex: 14    Spells: 3/9 levels left

rFire   . . .      SeeInvis .   g - +0 war axe
rCold   . . .      Faith    .   (no shield)
rNeg    . . .      Spirit   .   (armour currently unavailable)
rPois   +          Reflect  .   (helmet currently unavailable)
rElec   .          Harm     .   (cloak currently unavailable)
rCorr   .          Rampage  .   (gloves currently unavailable)
Will    .....      NoTele   +   (boots currently unavailable)
Stlth   ++........              (no amulet)
HPRegen 0.15/turn               (no ring)
MPRegen 0.11/turn               (no ring)

@: tree-form, constricted
A: stationary, stasis, torment immunity, boosted hp, (hooves 1), (spiny 1),
(camouflage 1), subdued magic 1, MP-powered wands
a: no special abilities


You were on level 4 of the Dungeon.
You were a tree.
You visited 1 branch of the dungeon, and saw 4 of its levels.

You collected 122 gold pieces.

Inventory:

Hand Weapons
 g - a +0 war axe (weapon)
Armour
 a - a +0 robe (melded)
 i - a +0 cloak (melded)
Wands
 m - a wand of flame (2) (quivered)
Scrolls
 d - a scroll of amnesia {unknown}
 e - a scroll of noise {unknown}
 f - 3 scrolls of identify {unknown}
 h - a scroll of blinking {unknown}
 j - a scroll of fog {unknown}
 k - a scroll of summoning {unknown}
Potions
 c - a potion of heal wounds {unknown}
 l - a potion of mutation


   Skills:
 + Level 0.1 Fighting
 + Level 0.6 Axes
 + Level 2.0 Dodging
 + Level 2.0 Stealth
 + Level 3.0 Spellcasting
 + Level 1.8 Conjurations
 + Level 3.8 Fire Magic


You had 3 spell levels left.
You knew the following spells:

 Your Spells              Type           Power      Damage    Failure   Level
a - Foxfire               Conj/Fire      36%        2x1d5     4%          1
b - Scorch                Fire           24%        2d6       4%          2
c - Conjure Flame         Conj/Fire      9%         6-21      13%         3

Your spell library contained the following spells:

 Spells                   Type           Power      Damage    Failure   Level
 Animate Skeleton         Necr           4%         N/A       13%         1
 Pain                     Necr           8%         1d4       13%         1
 Inner Flame              Hex/Fire       7%         N/A       19%         3
 Vampiric Draining        Necr           2%         2d6       38%         3
 Flame Wave               Conj/Fire      9%         2d5       41%         4


Dungeon Overview and Level Annotations

Branches:
Dungeon (4/15)
 Temple: D:4-7

Altars:


Innate Abilities, Weirdness & Mutations

You are a tree.
Your roots penetrate the ground, keeping you stationary.
You cannot be teleported.
You are immune to unholy pain and torment.
Your maximum health is greatly increased.
Your equipment is partially melded.
((You have large cloven feet.))
((You are partially covered in sharp spines.))
((Your skin changes colour to match your surroundings (Stealth+).))
Your spells are a little easier to cast, but a little less powerful.
You expend magic power (3 MP) to strengthen your wands.


Message History

You swing at nothing.
You hear some strange, mumbled words.
A puff of flame appears from out of thin air!
The puff of flame hits you but does no damage.
You swing at nothing.
The ball python barely misses you. The ball python grabs you.
The ball python constricts you.
An orc wizard comes into view. It is wielding a +0 dagger.
Something hits you but does no damage.
You completely miss something. You closely miss the ball python.
The ball python bites you but does no damage.
The ball python constricts you.
The ball python bites you but does no damage.
The ball python constricts you.
You nearly hit yourself!
The orc priest shouts!
The ball python bites you but does no damage.
The ball python constricts you.
The orc priest miscasts a cantrip.
You barely miss the ball python. You miss the orc.
You feel less confused.
An orc wizard appears from thin air!
Reactivating autopickup.
The ball python bites you but does no damage.
The ball python constricts you. The orc hits you but does no damage.
The ball python bites you but does no damage.
The ball python constricts you.
The orc wizard mumbles some strange words.
The orc wizard flickers and vanishes!
Deactivating autopickup; reactivate with Ctrl-A.
Unknown command.
The orc priest shouts!
You hit something.
Reactivating autopickup.
You feel a bit more experienced.
You hit the orc. You barely miss the ball python.
The ball python bites you but does no damage.
The ball python constricts you.
The orc priest mumbles some strange prayers to Beogh against you.
Beogh smites you!
You die...

#.# ## #.# .# #.. #..# #.# ###
#..# #.# ..# ####.## ##+## ..#
#.....#####...###### ### #.#
#.#.....##.....##... #.###.#
#o)♣..#.#.......#.##
...##.########.So..#...........##
.........S.o.o........).†........
......########.....#...........##
..##### #.....#.#.......#... .##
#.......##.....##### .#
####.######...## # .# #.# ##+## #
.# #.#


You could see 2 orc priests, an orc wizard, an orc and a ball python.

Vanquished Creatures
  A hound (D:4)
  An orc wizard (D:4)
  2 adders (D:3)
  3 worms (D:2)
  A dart slug (D:3)
  3 ball pythons
  3 bats
  3 endoplasms
  3 giant cockroaches
  2 hobgoblins
  7 jackals
  11 kobolds
  4 quokkas
  5 frilled lizards
  8 goblins
  4 rats
61 creatures vanquished.

Vanquished Creatures (collateral kills)
  3 foxfires (D:1)
3 creatures vanquished.

Vanquished Creatures (others)
  179 foxfires
179 creatures vanquished.

Grand Total: 243 creatures vanquished

Notes
Turn   | Place    | Note
-------+----------+-------------------------------------------
     0 | D:1      | DemonSlayer the Demonspawn Fire Elementalist began the
                  | quest for the Orb.
     0 | D:1      | Reached XP level 1. HP: 13/13 MP: 3/3
   319 | D:1      | Found a faded altar of an unknown god.
   497 | D:1      | Gained mutation: You are partially covered in sharp spines.
                  | [demonic ancestry]
   497 | D:1      | Reached XP level 2. HP: 19/19 MP: 0/5
  1642 | D:1      | Learned a level 2 spell: Scorch
  1774 | D:2      | Reached XP level 3. HP: 24/24 MP: 2/6
  2996 | D:1      | Learned a level 3 spell: Conjure Flame
  3456 | D:3      | Gained mutation: You have large cloven feet. [demonic
                  | ancestry]
  3456 | D:3      | Reached XP level 4. HP: 30/30 MP: 3/7
  4028 | D:4      | Gained mutation: Your spells are a little easier to cast,
                  | but a little less powerful. [potion of mutation]
  4028 | D:4      | Gained mutation: You expend magic power (3 MP) to
                  | strengthen your wands. [potion of mutation]
  4028 | D:4      | Gained mutation: Your skin changes colour to match your
                  | surroundings (Stealth+). [potion of mutation]
  4038 | D:4      | Killed from afar by an orc priest

Illustrated notes

Levels and vault maps discovered:
D:1:      moated_graveyard_arrival, layout_basic,
          dreamdust_ecumenical_altar_statues, serial_bayou, serial_bayou_pond_e,
          serial_bayou_pond_c, serial_bayou_crossing, serial_bayou_ford_a
D:2:      layout_loops_ring
D:3:      layout_basic, minmay_circle_x
D:4:      layout_loops_corners, minmay_close_crescents, uniq_crazy_yiuf_cottage

Skill      XL: |  1  2  3  4 |
---------------+-------------+-----
Fire Magic     | 3 |  3.8
Stealth        | 2 |  2.0
Dodging        | 2 |  2.0
Spellcasting   | 3 |  3.0
Fighting       | |  0.1
Axes           | |  0.6
Conjurations   | |  1.8

Action                   |  1- 3 |  4- 6 || total
-------------------------+-------+-------++-------
Melee: Unarmed           |    11 |       ||    11
       War axe           |    19 |    10 ||    29
       Kick              |       |     1 ||     1
 Cast: Foxfire           |   119 |       ||   119
       Scorch            |       |    10 ||    10
Evoke: Wand              |       |     5 ||     5
  Use: Potion            |       |     2 ||     2
 Stab: Sleeping          |     1 |       ||     1
Armor: Robe              |     5 |     9 ||    14
       Skin              |       |     9 ||     9
Dodge: Dodged            |    27 |    10 ||    37
